 Dungeon Crawl Stone Soup version 0.29.1-1-gd02db6906a (webtiles) character file.

Game seed: 10018513432646078893

14 xian the Grave Robber (level 2, -1/13 HPs)
             Began as a Spriggan Necromancer on Oct 17, 2022.
             Slain by a jackal (2 damage)
             ... on level 1 of the Dungeon.
             The game lasted 00:04:50 (504 turns).

xian the Grave Robber (Spriggan Necromancer)         Turns: 504, Time: 00:04:50

Health: -1/13      AC:  2    Str: 10    XL:     2   Next: 27%
Magic:  3/7        EV: 17    Int: 16    God:
Gold:   0          SH:  0    Dex: 15    Spells: 6/7 levels left

rFire   . . .      SeeInvis +   g - +0 short sword
rCold   . . .      Faith    .   (no shield)
rNeg    . . .      Spirit   .   a - +0 robe
rPois   .          Reflect  .   (helmet restricted)
rElec   .          Harm     .   (no cloak)
rCorr   .          Rampage  .   (gloves unavailable)
Will    .....                   (boots unavailable)
Stlth   ++........              (no amulet)
HPRegen 0.04/turn               i - +6 ring of strength
MPRegen 0.10/turn               (no ring)

@: very quick
A: very small, no large weapons, unfitting armour, see invisible, speed 3
a: no special abilities


You were on level 1 of the Dungeon.
You visited 1 branch of the dungeon, and saw 1 of its levels.

Inventory:

Hand Weapons
 g - a +0 short sword (weapon)
Missiles
 d - 6 poisoned darts
 f - 6 boomerangs
Armour
 a - a +0 robe (worn)
Jewellery
 i - a +6 ring of strength (left hand)
Scrolls
 e - a scroll of acquirement {unknown}
 h - a scroll of identify {unknown}
 j - a scroll of vulnerability {unknown}
Potions
 b - a potion of magic
 c - a potion of attraction {unknown}


   Skills:
 + Level 2.9 Dodging
 + Level 3.2 Stealth
 + Level 3.0 Spellcasting
 + Level 3.9 Necromancy


You had 6 spell levels left.
You knew the following spells:

 Your Spells              Type           Power      Damage    Failure   Level
a - Necrotise             Necr           56%        1d6       3%          1

Your spell library contained the following spells:

 Spells                   Type           Power      Damage    Failure   Level
 Vampiric Draining        Necr           14%        2d7       11%         3
 Animate Dead             Necr           14%        N/A       36%         4
 Agony                    Necr           14%        N/A       71%         5
 Fireball                 Conj/Fire      1%         3d3       99%         5
 Starburst                Conj/Fire      1%         6d3       100%        6
 Ignition                 Fire           1%         3d3       100%        8


Dungeon Overview and Level Annotations

Branches:
Dungeon (1/15)

Altars:


Innate Abilities, Weirdness & Mutations

You are very small and have problems with some larger weapons.
You are too small for most types of armour.
You have supernaturally acute eyesight. (SInv)
You cover ground extremely quickly. (Speed+++)


Message History

Press: ? - help, Shift-Dir - straight line, f/p - jackal
Aim: a jackal (chance to affect: 84%)
The jackal writhes in agony.
Casting: Necrotise (safe; 3% risk of failure)
Confirm with . or Enter, or press ? or * to list all spells.
Aiming: Necrotise (safe; 3% risk of failure)
Press: ? - help, Shift-Dir - straight line, f/p - jackal
Aim: a jackal (severely wounded, chance to affect: 84%)
The jackal writhes in agony.
You kill the jackal!
The dead are walking!
Your Spellcasting skill increases to level 3!
The jackal bites your jackal skeleton.
Found a stone staircase leading down.
Your jackal skeleton closely misses the jackal.
A jackal is nearby!
Something closely misses your jackal skeleton.
The jackal bites your jackal skeleton.
Your jackal skeleton closely misses the jackal.
The jackal closely misses your jackal skeleton.
Your jackal skeleton barely misses the jackal.
A kobold comes into view. It is wielding a +2 dagger of venom.
The jackal completely misses your jackal skeleton.
Your jackal skeleton barely misses the jackal.
The jackal barely misses your jackal skeleton.
Your jackal skeleton closely misses the jackal.
The jackal barely misses your jackal skeleton.
Your jackal skeleton barely misses the jackal.
The jackal bites your jackal skeleton.
Your jackal skeleton barely misses the jackal.
The jackal closely misses your jackal skeleton.
You swap places.
The jackal bites you.
* * * LOW HITPOINT WARNING * * *
Casting: Necrotise (safe; 3% risk of failure)
Confirm with . or Enter, or press ? or * to list all spells.
Aiming: Necrotise (safe; 3% risk of failure)
Press: ? - help, Shift-Dir - straight line, f - jackal
Aim: a jackal (ally target, chance to affect: 84%)
The jackal writhes in agony.
The jackal bites you.
You die...

.# #... ..# (... #..#
#... ... #####..S
#####.### #......
........ #.# #.##
###..######.###..# .
#.h.........#$#.## ..
#@#............... ...
##Z#.........###.#? ..
#..#..........#..##
#.#..#.........###)#.
..##....#..............)
#.......#..........##.#.
..##..K..#.........###.#.
#>....######........#.
#..#..############..#.


You could see a jackal (ally target), a kobold and a friendly jackal skeleton.

Vanquished Creatures
  A goblin (D:1)
  A hobgoblin (D:1)
  3 jackals (D:1)
  A kobold (D:1)
  A quokka (D:1)
  2 ball pythons (D:1)
9 creatures vanquished.

Vanquished Creatures (collateral kills)
  A kobold (D:1)
  A rat (D:1)
2 creatures vanquished.

Grand Total: 11 creatures vanquished

Notes
Turn   | Place    | Note
-------+----------+-------------------------------------------
     0 | D:1      | xian the Spriggan Necromancer began the quest for the Orb.
     0 | D:1      | Reached XP level 1. HP: 9/9 MP: 5/5
   346 | D:1      | Reached XP level 2. HP: 13/13 MP: 2/6
   504 | D:1      | Slain by a jackal

Illustrated notes

Levels and vault maps discovered:
D:1:      eino_arrival_druids_welcome, layout_basic,
          chequers_ecumenical_altar_simple, minmay_heptomino_h4

Skill      XL: |  1  2 |
---------------+-------+-----
Spellcasting   | 3 |  3.0
Dodging        | |  2.9
Stealth        | |  3.2
Necromancy     | |  3.9

Action                   || total
-------------------------++-------
Melee: Unarmed           ||    10
       Short sword       ||    18
 Cast: Necrotise         ||    19
Armor: Robe              ||     2
Dodge: Dodged            ||    49
